Map: Lerilak Crest

Players

SunnyDElite - Winner!

  • Race: Terran Terran
  • League: Diamond

LilDicky

  • Race: Terran Terran
  • League: Diamond

VOD

http://www.twitch.tv/tumescentpie

Description

Time

  • Played on: Dec. 3, 2015, 1:51 p.m.
  • Length: 10:42
Show
View Real Time Build Order
Export as new Build Order

SunnyDElite Terran - Winner!

Build Orders: Reaper Expand 

Get SALT Encoding   

  12  0:01  SCV  
  13  0:13  SCV  
  14  0:17  Supply Depot  
  14  0:25  SCV  
  15  0:39  SCV  
  15  0:40  Barracks  
  16  0:46  Refinery  
  16  0:51  SCV  
  17  1:03  SCV  
  18  1:15  SCV  
  19  1:29  Orbital Command  
  19  1:35  Reaper  
  20  1:47  Command Center  
  20  1:55  Supply Depot  
  20  1:57  SCV  
  21  2:09  Marine  
  22  2:21  SCV  
  23  2:27  Marine  
  24  2:33  SCV  
  25  2:37  Factory  
  25  2:39  Refinery  
  25  2:45  SCV, Marine  
  27  2:52  Engineering Bay  
  27  2:57  SCV  
  28  3:02  Marine  
  28  3:03  Orbital Command  
  29  3:09  SCV  
  30  3:20  Missile Turret, Marine  
  30  3:22  Missile Turret  
  30  3:26  Factory Tech Lab, Starport  
  31  3:28  SCV  
  32  3:34  SCV  
  32  3:40  SCV  
  34  3:43  Missile Turret  
  34  3:46  SCV  
  35  3:52  SCV  
  38  3:56  Cyclone  
  38  4:01  SCV  
  39  4:03  Barracks Reactor  
  39  4:04  SCV  
  39  4:05  Bunker  
  39  4:08  Viking  
  42  4:13  SCV  
  42  4:16  SCV  
  44  4:19  Supply Depot  
  44  4:26  Supply Depot  
  43  4:49  Marine x2  
  43  4:50  Siege Tank  
  43  4:51  Viking  
  50  4:53  Supply Depot, SCV  
  50  4:55  SCV  
  52  5:07  Barracks  
  52  5:08  Refinery, Barracks  
  52  5:09  Refinery  
  52  5:13  Marine x2  
  54  5:17  Terran Infantry Weapons Level 1  
  54  5:20  Supply Depot  
  53  5:32  Viking, Siege Tank  
  58  5:38  SCV  
  58  5:41  Marine x2  
  61  5:48  Barracks  
  61  5:52  SCV  
  61  5:54  Barracks  
  61  5:55  Supply Depot  
  61  5:56  SCV  
  63  6:04  SCV  
  63  6:08  Marine x2  
  63  6:09  Barracks Tech Lab x2  
  66  6:17  Siege Tank  
  69  6:19  SCV  
  69  6:24  Starport Reactor  
  70  6:26  Marine  
  65  6:56  Marine x5  
  65  7:00  SCV x2  
  72  7:01  Combat Shields  
  72  7:02  Stimpack  
  72  7:12  SCV  
  72  7:13  Viking x2  
  77  7:22  Marine x2  
  78  7:23  Marine x2  
  81  7:30  Barracks Reactor x2  
  81  7:33  Siege Tank  
  81  7:34  Command Center  
  84  7:39  Terran Infantry Armor Level 1  
  84  7:40  Marine x2  
  86  7:46  Marine  
  86  7:47  Supply Depot, Medivac, Marine  
  86  7:49  Medivac  
  86  7:50  SCV  
  93  7:58  Marine  
  94  8:08  SCV x2, Marine x2  
  94  8:09  Supply Depot, Marine  
  94  8:10  Supply Depot  
  94  8:12  Marine x2  
  101  8:20  SCV  
  102  8:30  SCV, Medivac x2  
  102  8:32  SCV  
  108  8:45  Marine x3  
  108  8:46  Marine  
  112  8:54  Marine x4  
  112  8:55  Siege Tank  
  119  9:00  Medivac  
  121  9:04  Marine  
  121  9:05  Marine  
  123  9:13  Armory  
  123  9:15  Engineering Bay  
  123  9:19  Marine x2  
  125  9:28  Marine x2  
  114  10:04  Marine x2  
  114  10:05  Marine x6  
  114  10:06  Siege Tank, Medivac x2  
  117  10:22  Marine  
Show
View Real Time Build Order
Export as new Build Order

LilDicky Terran 

Build Orders: Mech, Banshee Rush 

Get SALT Encoding   

  12  0:01  SCV  
  13  0:13  SCV  
  14  0:17  Supply Depot  
  14  0:25  SCV  
  15  0:30  Refinery  
  15  0:39  SCV  
  16  0:46  Barracks  
  16  0:51  SCV  
  17  1:03  SCV  
  18  1:15  SCV  
  19  1:27  SCV  
  20  1:33  Supply Depot  
  20  1:35  Refinery  
  21  1:47  Reaper  
  21  1:48  Orbital Command  
  21  1:52  Refinery  
  21  2:01  Factory  
  20  2:19  Marine  
  20  2:22  SCV  
  22  2:27  Supply Depot  
  22  2:37  Marine  
  23  2:44  Factory Tech Lab  
  23  2:46  Command Center  
  23  2:48  Starport  
  23  2:55  Marine  
  24  3:00  SCV  
  25  3:12  SCV, Marine  
  26  3:18  Supply Depot, Widow Mine  
  29  3:27  SCV  
  29  3:29  Cloaking Field  
  29  3:32  Banshee  
  33  3:36  Marine  
  34  4:00  Factory Tech Lab  
  34  4:01  SCV, Marine  
  36  4:13  Supply Depot, SCV  
  37  4:17  Engineering Bay  
  37  4:18  Banshee  
  40  4:25  Orbital Command  
  37  4:46  SCV  
  37  4:48  Siege Tank  
  41  4:57  SCV, Factory  
  41  4:58  SCV  
  43  5:06  Refinery  
  43  5:09  SCV  
  43  5:13  Banshee  
  47  5:20  Siege Tank  
  50  5:29  SCV  
  49  5:40  Factory Tech Lab  
  49  5:42  SCV x2  
  51  5:45  Missile Turret  
  51  5:47  Terran Infantry Weapons Level 1  
  51  5:49  Missile Turret  
  51  5:53  Siege Tank  
  54  6:02  Command Center  
  54  6:14  Viking  
  54  6:54  Siege Tank x2  
  60  7:02  SCV x2  
  60  7:03  Missile Turret  
  62  7:10  Factory  
  62  7:11  Refinery  
  62  7:14  SCV x2  
  62  7:16  Marine  
  63  7:26  SCV x2  
  55  7:33  Siege Tank x2  
  55  7:34  Marine, Orbital Command  
  62  7:38  SCV x2  
  64  7:45  Banshee  
  64  7:47  Command Center  
  64  7:50  SCV  
  64  7:51  SCV, Missile Turret  
  69  7:55  Factory Reactor  
  69  7:57  Infernal Pre-Igniter  
  69  8:02  SCV  
  69  8:03  SCV  
  69  8:04  SCV  
  69  8:05  Missile Turret  
  72  8:08  Sensor Tower  
  72  8:14  SCV  
  72  8:15  SCV  
  72  8:17  SCV  
  75  8:23  Siege Tank x2  
  75  8:26  SCV  
  82  8:27  SCV  
  82  8:30  SCV  
  84  8:37  Refinery  
  84  8:39  SCV, Refinery  
  85  8:49  Missile Turret  
  85  8:52  Supply Depot, SCV  
  85  8:59  SCV x2, Hellion x2, Siege Tank x2  
  97  9:04  SCV  
  97  9:08  Starport  
  97  9:17  Refinery  
  97  9:19  Supply Depot  
  97  9:20  SCV x3  
  97  9:21  SCV, Hellion  
  103  9:31  Siege Tank  
  103  9:32  Supply Depot, Marine, SCV  
  108  9:39  Supply Depot x2  
  108  9:40  Hellion, Siege Tank  
  108  9:41  Supply Depot  
  108  9:42  SCV x2, Missile Turret  
  108  9:43  Missile Turret  
  115  9:50  Marine  
  116  9:53  Hellion  
  77  10:31  Starport Tech Lab  
Tags
 
Add a new tag
Caveats
  • Supply blocks, unpowered buildings, or Contaminate may cause inaccurate times.
  • Supply counts are checked every 10 seconds.